 Dungeon Crawl Stone Soup version 0.29-a0-362-g5854e031c7 (webtiles) character file.

Game seed: 3487432183054910670

25719 Shayle the Covert (level 13, -1/81 HPs)
             Began as a Tengu Brigand on Apr 29, 2022.
             Was a Believer of Ashenzari.
             Drowned by a water elemental (10 damage)
             ... on level 11 of the Dungeon.
             The game lasted 01:11:19 (19934 turns).

Shayle the Covert (Tengu Brigand)                  Turns: 19934, Time: 01:11:19

Health: -1/81      AC: 12    Str: 13    XL:     13   Next: 21%
Magic:  23/23      EV: 22    Int: 23    God:    Ashenzari [**....]
Gold:   639        SH: 10    Dex: 23    Spells: 12/12 levels left

rFire   . . .      SeeInvis +   x - +3 short sword "Beetleslayer" {vorpal, MP+9 Dex+2}
rCold   + + +      Faith    .   I - +0 buckler
rNeg    . . .      Spirit   .   E - +4 skin of Zhor {*Englaciate rC+++ SInv}
rPois   +          Reflect  +   (helmet restricted)
rElec   .          Harm     .   c - +0 cloak "Black Moon of the Sky" {Elem, Fort} (curse)
rCorr   .          Rampage  .   (no gloves)
Will    +....                   (boots unavailable)
Stlth   +++++.....              y - amulet of Cigemufu {Reflect rPois Will+ Int+7 SH+5}
HPRegen 0.23/turn               J - ring of the Tethered Adversity {AC+4, Elem, Fort} (curse)
MPRegen 0.18/turn               p - ring of Supernal Wisdom {Dex+6, Bglg, Comp} (curse)

@: engulfed (cannot breathe), flying quickly and evasively, quick
A: beak, talons 3, nimble flight
a: Renounce Religion, Curse Item, Shatter the Chains


You were on level 11 of the Dungeon.
You worshipped Ashenzari.
Ashenzari was pleased with you.
You visited 3 branches of the dungeon, and saw 16 of its levels.

You collected 831 gold pieces.
You spent 192 gold pieces at shops.

Inventory:

Hand Weapons
 a - a +2 dagger
 n - a +1 whip of venom
 x - the +3 short sword "Beetleslayer" (weapon) {vorpal, MP+9 Dex+2}
   (You found it on level 4 of the Dungeon)

   It inflicts extra damage upon your enemies.
   Dex:       It affects your dexterity (+2).
   MP:        It affects your magic capacity (+9).
 C - a +1 hand axe of draining
Missiles
 d - 33 poisoned darts (quivered)
 e - 2 curare-tipped darts
 h - 24 boomerangs
Armour
 c - the cursed +0 cloak "Black Moon of the Sky" (worn) {Elem, Fort}

   It has a curse which improves the following skills: Elements: Fire Magic, Ice
   Magic, Air Magic and Earth Magic.
   Fortitude: Armour and Shields.
 D - +1 steam dragon scales
 E - the +4 skin of Zhor (worn) {*Englaciate rC+++ SInv}
   (You found it on level 2 of the Lair of Beasts)

   It radiates cold, occasionally slowing all nearby creatures who are not
   resistant to cold.
   rC:        It renders you almost immune to cold.
   SInv:      It lets you see invisible.
 H - +0 acid dragon scales
 I - a +0 buckler (worn)
Jewellery
 p - the cursed ring of Supernal Wisdom (right hand) {Dex+6, Bglg, Comp}
   (You found it on level 2 of the Dungeon)

   [ring of dexterity]

   Dex:       It affects your dexterity (+6).
   It has a curse which improves the following skills: Beguiling: Conjurations,
   Hexes and Translocations.
   Companions: Summonings and Necromancy.
 y - the amulet of Cigemufu (around neck) {Reflect rPois Will+ Int+7 SH+5}
   (You found it on level 6 of the Dungeon)

   [amulet of reflection]

   It reflects blocked missile attacks.
   Int:       It affects your intelligence (+7).
   rPois:     It protects you from poison.
   SH:        It affects your SH (+5).
   Will:      It increases your willpower.
 J - the cursed ring of the Tethered Adversity (left hand) {AC+4, Elem, Fort}
   (You found it on level 11 of the Dungeon)

   [ring of protection]

   AC:        It affects your AC (+4).
   It has a curse which improves the following skills: Elements: Fire Magic, Ice
   Magic, Air Magic and Earth Magic.
   Fortitude: Armour and Shields.
 P - a ring of wizardry
Wands
 b - a wand of flame (32)
 L - a wand of paralysis (6)
Scrolls
 g - a scroll of brand weapon
 m - 2 scrolls of teleportation
 q - 2 scrolls of vulnerability
 r - 5 scrolls of fog
 s - a scroll of holy word
 t - a scroll of immolation
 v - 2 scrolls of enchant weapon
 w - 2 scrolls of magic mapping
 M - 2 scrolls of fear
Potions
 f - a potion of invisibility
 i - a potion of might
 j - a potion of flight
 k - 2 potions of haste
 l - a potion of ambrosia
 u - 3 potions of attraction
 z - 2 potions of brilliance
 A - a potion of berserk rage
 B - 2 potions of magic
 F - a potion of mutation
 N - 2 potions of cancellation
 Q - a potion of resistance


   Skills:
 + Level 9.7 Fighting
 - Level 2.1 Short Blades
 - Level 2.0 Throwing
 + Level 5.6(7.5) Armour
 - Level 8.4 Dodging
 + Level 11.0 Stealth
 + Level 6.0(7.3) Conjurations
 + Level 3.4(4.5) Hexes
 + Level 5.5(6.8) Summonings
 + Level 4.9(6.1) Necromancy
 + Level 3.8(4.9) Translocations
 + Level 5.7(7.6) Fire Magic
 + Level 4.8(6.6) Ice Magic
 + Level 7.0(8.9) Air Magic
 + Level 3.8(5.6) Earth Magic


You had 12 spell levels left.
You didn't know any spells.
Your spell library contained the following spells:

 Spells                   Type           Power      Damage    Failure   Level
 Gell's Gravitas          Tloc           22%        N/A       9%          3
 Lesser Beckoning         Tloc           22%        N/A       9%          3
 Teleport Other           Tloc           22%        N/A       9%          3
 Beastly Appendage        Tmut           0%         N/A       22%         1
 Wereblood                Tmut           0%         N/A       32%         2
 Spider Form              Tmut/Pois      0%         N/A       54%         3
 Irradiate                Conj/Tmut      8%         3d16      80%         5
 Blade Hands              Tmut           0%         N/A       99%         5
 Dragon Form              Tmut           0%         N/A       100%        7


Dungeon Overview and Level Annotations

Branches:
Dungeon (12/15)            Temple (1/1) D:5            Lair (3/6) D:10
  Swamp (0/4) Lair:3          Orc (0/2) D:10
  Snake: Lair:2-4    Spider: Lair:2-4

Altars:
Ashenzari
Elyvilon
Gozag
Hepliaklqana
Makhleb
Nemelex Xobeh
Okawaru
Ru
Sif Muna
Trog
Uskayaw
Vehumet
Wu Jian
Xom
Yredelemnul
Zin
The Shining One

Shops:
D:5 !   D:6 [   D:11 [

Annotations:
D:10 exclusion: orange crystal statue
D:12 2 runed translucent doors, Zewas's ghost, journeyman HuFi


Innate Abilities, Weirdness & Mutations

You have a beak for a mouth.
You have claws for feet.
Your magical nature lets you fly swiftly and evasively.


Message History

The water elemental is lightly damaged.
Your lungs strain for air!
You hit the water elemental. You claw the water elemental.
The water elemental is moderately damaged.
Your lungs strain for air!
The water elemental hits you.
You hit the water elemental.
The water elemental is heavily damaged.
Your lungs strain for air!
The water elemental barely misses you.
You completely miss the water elemental.
Your peck misses the water elemental.
The water elemental is heavily damaged.
You radiate an aura of cold.
The water elemental seems to slow down.
Your lungs strain for air!
The water elemental misses you.
You hit the water elemental. You claw the water elemental.
The water elemental is severely damaged.
You radiate an aura of cold.
The water elemental seems to slow down.
Your lungs strain for air!
You barely miss the water elemental. You claw the water elemental!
The water elemental is severely damaged.
* * * LOW HITPOINT WARNING * * *
Your lungs strain for air!
The water elemental completely misses you.
You barely miss the water elemental. Your peck misses the water elemental.
The water elemental is severely damaged.
* * * LOW HITPOINT WARNING * * *
Your lungs strain for air!
The water elemental misses you.
You feel better.
* * * LOW HITPOINT WARNING * * *
Your lungs strain for air!
You cannot read scrolls while unable to breathe!
Unknown command.
Okay, then.
You barely miss the water elemental.
You claw the water elemental, but do no damage.
The water elemental is severely damaged.
You die...

.# #...........#.### #. .#
#.#.#####...#...#########. .#
#.#.# #.#####........... .#
##.#.# #...#.........<... .#
#....#####.#.#[##########..
.######..............#### ###
##......................#########
##.#####.######..#..#............
.#.####........E@#..#.#.#########
.......[[######..#....#.#
.#.#####<# #..##.###.# ##.# #.#
#..##.###.# #.# #.# #.........#
##.# #.# ######.############ #..#
#.# #...>(.......# #.## #.#
#.##########.# #.# #.# #.#
#######.#


You could see a water elemental (slow).

Vanquished Creatures
  A hydra (Lair:2)
  4 two-headed ogres
  2 cyclopes (D:11)
  3 black mambas
  2 elephants
  3 cane toads
  A torpor snail (Lair:2)
  Maggie (Lair:1)
  5 rime drakes
  2 komodo dragons
  2 unseen horrors
  3 kobold demonologists (D:10)
  A polar bear (D:11)
  A wolf spider simulacrum (D:12)
  2 hornets (D:8)
  24 blink frogs
  A vampire (D:10)
  A wraith (D:9)
  8 yaks
  A wyvern (D:9)
  Grum (Lair:1)
  2 basilisks (Lair:3)
  2 steam dragons
  2 acid dragons
  A sky beast (D:4)
  10 water moccasins
  9 orc warriors
  4 black bears
  4 ice beasts
  16 wolves
  An ogre (D:5)
  6 centaurs
  2 phantoms
  4 kobold brigands
  9 bullfrogs
  A necrophage (D:6)
  2 wyvern zombies (D:6)
  4 scorpions
  A wight (D:6)
  12 killer bees
  8 howler monkeys
  A gnoll shaman (D:9)
  6 orc priests
  4 hounds
  A jelly (D:5)
  5 iguanas
  12 orc wizards
  Robin (D:3)
  5 gnolls (D:9)
  7 adders
  4 white imps
  2 ufetubi (D:5)
  A worm (D:4)
  3 dart slugs
  31 orcs
  4 endoplasms
  3 giant cockroaches
  9 goblins
  10 hobgoblins
  8 jackals
  9 quokkas
  6 ball pythons
  2 bats
  4 frilled lizards
  18 kobolds
  8 rats
333 creatures vanquished.

Vanquished Creatures (collateral kills)
  A sky beast (D:7)
  A centaur (D:7)
  A howler monkey (D:7)
  2 orc priests (D:7)
  An orc wizard (D:7)
6 creatures vanquished.

Vanquished Creatures (others)
  42 fungi
  45 plants
87 creatures vanquished.

Grand Total: 426 creatures vanquished

Notes
Turn   | Place    | Note
-------+----------+-------------------------------------------
     0 | D:1      | Shayle the Tengu Brigand began the quest for the Orb.
     0 | D:1      | Reached XP level 1. HP: 12/12 MP: 2/2
   258 | D:1      | Reached XP level 2. HP: 17/17 MP: 3/3
   643 | D:1      | Found a faded altar of an unknown god.
  1051 | D:2      | Reached XP level 3. HP: 22/22 MP: 4/4
  1741 | D:3      | Found a shimmering blue altar of Sif Muna.
  2172 | D:3      | Found an ornate altar of the Wu Jian Council.
  2502 | D:3      | Reached XP level 4. HP: 8/28 MP: 5/5
  2989 | D:4      | Noticed a phantom
  3000 | D:4      | Killed a phantom
  3001 | D:4      | Reached skill level 5 in Stealth
  3001 | D:4      | Gained mutation: Your magical nature lets you fly swiftly
                  | and evasively. [Tengu growth]
  3001 | D:4      | Reached XP level 5. HP: 14/32 MP: 6/6
  3347 | D:4      | Reached XP level 6. HP: 31/38 MP: 7/7
  3473 | D:4      | Found a sparkling altar of Nemelex Xobeh.
  3499 | D:4      | Noticed Robin
  3669 | D:3      | Killed Robin
  3794 | D:4      | Identified the +3 short sword "Beetleslayer" {vorpal, MP+9
                  | Dex+2}
  4128 | D:4      | Noticed a sky beast
  4145 | D:4      | Killed a sky beast
  4492 | D:5      | Entered Level 5 of the Dungeon
  4679 | D:5      | Reached skill level 6 in Stealth
  4679 | D:5      | Reached XP level 7. HP: 42/44 MP: 8/8
  4815 | D:5      | Found Jesiw's Distillery.
  4820 | D:5      | Bought a potion of magic for 96 gold pieces
  4820 | D:5      | Bought a potion of curing for 36 gold pieces
  4820 | D:5      | Bought a potion of heal wounds for 60 gold pieces
  4838 | D:5      | Reached skill level 5 in Dodging
  5016 | D:5      | Reached skill level 5 in Fighting
  5147 | D:5      | Found a staircase to the Ecumenical Temple.
  5161 | Temple   | Entered the Ecumenical Temple
  5169 | Temple   | Became a worshipper of Ashenzari the Shackled
  5341 | D:5      | Reached XP level 8. HP: 50/50 MP: 9/9
  5430 | D:5      | Reached skill level 7 in Stealth
  5738 | D:6      | Found a sacrificial altar of Ru.
  5823 | D:6      | Identified the amulet of Cigemufu {Reflect rPois Will+
                  | Int+7 SH+5}
  6447 | D:6      | Found a hazy altar of Hepliaklqana.
  6496 | D:6      | Found a radiant altar of Vehumet.
  6549 | D:6      | Found Ipru's Armour Emporium.
  6798 | D:6      | Reached skill level 8 in Stealth
  6880 | D:6      | Found a basalt altar of Yredelemnul.
  6949 | D:7      | Reached XP level 9. HP: 41/56 MP: 10/10
  7963 | D:7      | Reached skill level 9 in Stealth
  8768 | D:8      | Noticed a hornet
  8772 | D:8      | Killed a hornet
  8773 | D:8      | Reached skill level 1 in Armour
  8773 | D:8      | Reached skill level 1 in Fire Magic
  8773 | D:8      | Reached skill level 1 in Air Magic
  8826 | D:8      | Reached XP level 10. HP: 58/64 MP: 11/11
  8828 | D:8      | Reached skill level 1 in Ice Magic
  8923 | D:8      | Reached skill level 1 in Earth Magic
  9108 | D:8      | Found a glowing golden altar of the Shining One.
  9217 | D:8      | Killed an unseen horror
  9535 | D:8      | Found an iron altar of Okawaru.
  9768 | D:9      | Found a bloodstained altar of Trog.
  9858 | D:9      | Reached * piety under Ashenzari
  9921 | D:9      | Found a shimmering altar of Xom.
 10127 | D:9      | Noticed a two-headed ogre
 10149 | D:9      | Killed a two-headed ogre
 10150 | D:9      | Reached skill level 1 in Conjurations
 10150 | D:9      | Reached skill level 1 in Summonings
 10331 | D:9      | Reached skill level 1 in Necromancy
 10491 | D:10     | Entered Level 10 of the Dungeon
 10677 | D:11     | Noticed a boulder beetle
 10735 | D:10     | Noticed a kobold demonologist
 11155 | D:11     | Noticed a cyclops
 11167 | D:11     | Noticed a two-headed ogre
 11187 | D:11     | Killed a two-headed ogre
 11188 | D:11     | Reached skill level 10 in Stealth
 11188 | D:11     | Reached skill level 1 in Hexes
 11188 | D:11     | Reached skill level 1 in Translocations
 11448 | D:11     | Killed a cyclops
 11449 | D:11     | Reached XP level 11. HP: 51/69 MP: 12/12
 11549 | D:11     | Found Rebu's Armour Shoppe.
 11801 | D:10     | Found a hide-covered altar of Uskayaw.
 12660 | D:10     | Found a staircase to the Lair.
 13787 | Lair:1   | Entered Level 1 of the Lair of Beasts
 13922 | Lair:1   | Reached ** piety under Ashenzari
 14074 | Lair:1   | Reached skill level 5 in Air Magic
 14787 | Lair:1   | Noticed Grum
 14984 | Lair:1   | Killed Grum
 14985 | Lair:1   | Reached XP level 12. HP: 69/76 MP: 13/13
 15201 | Lair:1   | Noticed Maggie
 15217 | Lair:1   | Killed Maggie
 15228 | Lair:1   | Identified the +0 ring mail of the Leaping Gods {Will- MP+9
                  | SInv}
 15787 | Lair:2   | Found the +4 skin of Zhor {*Englaciate rC+++ SInv}
 16078 | Lair:2   | Noticed a five-headed hydra
 16087 | Lair:2   | Killed a five-headed hydra
 16823 | Lair:2   | Reached skill level 5 in Armour
 16853 | Lair:2   | Reached skill level 5 in Conjurations
 17074 | Lair:2   | Reached skill level 5 in Fire Magic
 17506 | Lair:3   | Reached skill level 5 in Summonings
 18245 | Lair:3   | Found a staircase to the Swamp.
 18247 | Lair:3   | Noticed a death yak
 18432 | D:10     | Found a staircase to the Orcish Mines.
 18871 | D:10     | Reached XP level 13. HP: 80/80 MP: 14/14
 18919 | D:10     | Reached skill level 11 in Stealth
 19076 | D:10     | Noticed an angel
 19078 | D:10     | Found a glowing silver altar of Zin.
 19879 | D:12     | Found a runed translucent door.
 19881 | D:12     | Found a runed translucent door.
 19885 | D:12     | Noticed a shadow dragon
 19886 | D:12     | Noticed a sphinx
 19887 | D:12     | Noticed a lich
 19888 | D:12     | Noticed Zewas's ghost (journeyman HuFi)
 19934 | D:11     | Drowned by a water elemental

Illustrated notes

Levels and vault maps discovered:
D:1:      dpeg_arrival_another_circle, layout_basic, basic_ecumenical_altar
D:2:      layout_basic
D:3:      layout_basic, led_sif_pool, mainiacjoe_overflow_paths,
          grunt_decor_resistance
D:4:      layout_gridville, mainiacjoe_overflow_boulevard, uniq_robin
D:5:      minmay_diamond_boxcup, layout_layer_cave, temple_pool_b, serial_shops,
          nicolae_shop_hallway_plus
D:6:      layout_gridville, nicolae_hepliaklqana_hazy_memory,
          nicolae_overflow_hidden_temple, nicolae_ru_awakened_eye,
          lemuel_zombie_altar_yredelemnul, serial_shops,
          nicolae_shop_window_shopping
D:7:      layout_gridville, kennysheep_another_room, grunt_ministairs_14
D:8:      layout_loops_cross, tso_altar, okawaru_ov_weapons_minmay
D:9:      hellmonk_crumbling_castle, layout_basic, lemuel_round_altar,
          lemuel_crystal_altar
D:10:     lemuel_ice_statue, layout_cave_pods, zin_angel,
          nicolae_uskayaw_murder_on_the_dancefloor, due_lair_maze_entry_diamond,
          david_orc_4, minmay_statue_bubble
D:11:     layout_loops_ring, serial_shops, kennysheep_mini_moat
D:12:     layout_layer_cave, muffindrake_ghost_dual_entry, serial_ice,
          serial_ice_f, serial_ice_o, serial_ice_i, serial_ice_d, serial_ice_h,
          skrybe_limestone_x
Temple:   compressed_dpeg_triangle_lava_temple
Lair:1:   layout_small_grid, lemuel_fruit_fields, infiniplex_staircase_pool_2,
          grunt_megastairs_5, uniq_maggie, uniq_grum
Lair:2:   layout_hall_layers, chequers_serial_rivers_micro_c,
          hellmonk_guarded_unrand_zhor
Lair:3:   layout_chaotic_city, swamp_mist_pool, uniq_amaemon

Skill      XL: |  1  2  3  4  5  6  7  8  9 10 11 12 13 |
---------------+----------------------------------------+-----
Dodging        | 2 3 4 5 7 8 |  8.4
Fighting       | 3 4 5 6 8 9 |  9.7
Stealth        | 5 6 8 9 10 11 | 11.0
Armour         | 1 3 4 5 |  5.6
Fire Magic     | 1 3 4 5 |  5.7
Air Magic      | 1 4 5 6 7 |  7.0
Ice Magic      | 2 3 4 |  4.8
Earth Magic    | 2 3 |  3.8
Conjurations   | 2 4 5 6 |  6.0
Summonings     | 2 3 5 |  5.5
Necromancy     | 1 3 4 |  4.9
Hexes          | 1 2 3 |  3.4
Translocations | 1 2 3 |  3.8
Short Blades   | |  2.1
Throwing       | |  2.0

Action                   |  1- 3 |  4- 6 |  7- 9 | 10-12 | 13-15 || total
-------------------------+-------+-------+-------+-------+-------++-------
Melee: Dagger            |    15 |       |       |       |       ||    15
       Peck              |     6 |    16 |    45 |   203 |    29 ||   299
       Whip              |    56 |    54 |       |       |       ||   110
       Kick              |    20 |    21 |    74 |   315 |    52 ||   482
       Short sword       |       |    42 |   207 |   741 |   112 ||  1102
       Punch             |       |     2 |     2 |     1 |       ||     5
Throw: Dart              |       |     8 |       |   134 |    13 ||   155
Invok: Curse Item        |       |       |     1 |     2 |       ||     3
Evoke: Wand              |       |       |     3 |    16 |       ||    19
  Use: Scroll            |     1 |     3 |    15 |     2 |       ||    21
       Potion            |       |       |     3 |     1 |     1 ||     5
 Stab: Sleeping          |    13 |     8 |     6 |    17 |       ||    44
       Distracted        |       |       |     2 |     2 |       ||     4
       Paralysed         |       |       |       |     3 |       ||     3
Armor: Robe              |    15 |     5 |       |       |       ||    20
       Ring mail         |       |     7 |    24 |       |       ||    31
       Steam dragon scal |       |       |    18 |    87 |       ||   105
       Animal skin       |       |       |       |    13 |    20 ||    33
Dodge: Dodged            |    47 |    52 |   213 |   654 |   106 ||  1072
Block: Other             |       |       |    42 |    35 |       ||    77
       Reflection        |       |       |     4 |     7 |     1 ||    12
       Buckler           |       |       |       |   263 |    63 ||   326

Table legend: (Time is in decaauts)
 A = Elapsed time spent in this place.
 B = Non-inter-level travel time spent in this place.
 C = Inter-level travel time spent in this place.
 D = Time resting spent in this place.
 E = Time spent auto-exploring this place.
 F = Levels seen in this place.
 G = Mean time per level.
                   A        B        C        D        E       F      G
               +--------+--------+--------+--------+--------+-----+--------+
         Total |  19084 |  18275 |    809 |   3938 |   8560 |  16 | 1192.8 |
       Dungeon |  14663 |  13961 |    702 |   2941 |   6907 |  12 | 1221.9 |
        Temple |     85 |     85 |      0 |     70 |      0 |   1 |   85.0 |
          Lair |   4335 |   4229 |    106 |    926 |   1652 |   3 | 1445.0 |
               +--------+--------+--------+--------+--------+-----+--------+

Top non-repeatable levels by time:
  Lair:2: 2044 daAuts
  Lair:1: 1723 daAuts
     D:9: 1655 daAuts
    D:10: 1649 daAuts
     D:6: 1544 daAuts
    D:11: 1520 daAuts
     D:4: 1387 daAuts
     D:3: 1311 daAuts
     D:8: 1293 daAuts
     D:7: 1257 daAuts
     D:5: 1088 daAuts
     D:2: 898 daAuts
     D:1: 805 daAuts
  Lair:3: 567 daAuts
    D:12: 251 daAuts
